 Dungeon Sprint DCSS version 0.28-a0-114-g2bf3c13a2f (webtiles) character file.

Game seed: 947362089926197581

343656 xpp the Slayer (level 15, 89/180 HPs)
             Began as a Gargoyle Berserker on Aug 12, 2021.
             Was a High Priest of Trog.
             Escaped with the Orb!
             The game lasted 02:01:02 (8722 turns).

xpp the Slayer (Gargoyle Berserker)                 Turns: 8722, Time: 02:01:03

Health: 89/180     AC: 44    Str: 28    XL:     15   Next: 98%
Magic:  15/15      EV: 15    Int: 17    God:    Trog [*****.]
Gold:   6055       SH:  5    Dex: 16    Spells: 14/14 levels left

rFire   + + .      SeeInvis +   C - +11 plutonium sword {Contam Stlth-}
rCold   + + +      Faith    .   (shield currently unavailable)
rNeg    + + +      Spirit   .   x - +1 gold dragon scales
rPois   ∞          Reflect  +   w - +2 helmet
rElec   +          Harm     .   o - scarf {rC+ rF+}
rCorr   +          Rampage  .   k - +2 pair of gloves {Stlth+}
Will    ++...      NoTele   +   b - +1 pair of boots
Stlth   ..........              F - amulet of Music {Reflect MP+9 Dex+2 SH+5 SInv Stlth+}
HPRegen 0.40/turn               j - ring "Siyrev" {Ice rElec Will+ Str+3 Int+3}
MPRegen 0.14/turn               B - ring "Hoff" {rN++ MP-9 Str+3 Int+6 Stlth+}

@: berserking (expiring), resistant (expiring), flying, studying Armour, very
quick
A: sickness immunity, AC +11, big wings, negative energy resistance 1,
electricity resistance, torment resistance 1, petrification resistance, mutation
resistance 1
0: Orb of Zot
a: Renounce Religion, Berserk, Trog's Hand, Brothers in Arms


You escaped.
You worshipped Trog.
Trog was extremely pleased with you.
You visited 1 branch You collected 9619 gold pieces.
You spent 3564 gold pieces at shops.

Inventory:

Hand Weapons
 a - the +2 triple sword of Okhuemp {antimagic, rF+++ Will+ Dex-2 Stlth+}
   (Trog gifted it to you in the Dungeon)

   It reduces the magical energy of the wielder, and disrupts the spells and
   magical abilities of those it strikes.
   Natural abilities and divine invocations are not affected.
   Dex:       It affects your dexterity (-2).
   rF:        It renders you almost immune to fire.
   Will:      It increases your willpower.
   Stlth:     It makes you more stealthy.
 d - the +8 great sword of Discord {vorpal, rElec rC+ Dex+4}
   (Trog gifted it to you in the Dungeon)

   It inflicts extra damage upon your enemies.
   Dex:       It affects your dexterity (+4).
   rC:        It protects you from cold.
   rElec:     It insulates you from electricity.
 f - the +7 falchion of Instinct {vorpal, +Blink Will- Str+3 Stlth+}
   (Trog gifted it to you in the Dungeon)

   It inflicts extra damage upon your enemies.
   Str:       It affects your strength (+3).
   +Blink:    It lets you blink.
   Will:      It decreases your willpower.
   Stlth:     It makes you more stealthy.
 A - a +5 scimitar of flaming
 C - the +11 plutonium sword (weapon) {Contam Stlth-}
   (You acquired it in the Dungeon)

   It occasionally inflicts wild transmutation effects on those it strikes,
   inflicting malmutation or extra damage, or polymorphing them into a new form.
   Contam:    It causes magical contamination when unequipped.
   Stlth:     It makes you less stealthy.
 E - the +4 demon blade "Gugousoq" {speed, rN++ Will+ Dex-3}
   (You acquired it in the Dungeon)

   Attacks with this weapon are significantly faster.
   Dex:       It affects your dexterity (-3).
   rN:        It greatly protects you from negative energy.
   Will:      It increases your willpower.
Missiles
 n - 42 poisoned darts (quivered)
Armour
 b - a +1 pair of boots (worn)
 k - a +2 pair of gloves of stealth (worn)
 m - the +3 kite shield of Isipn {Fly rF++}
   (You bought it in a shop in the Dungeon)

   rF:        It greatly protects you from fire.
   Fly:       It grants you flight.
 o - a scarf of resistance (worn)
 v - a +2 troll leather armour
 w - a +2 helmet (worn)
 x - +1 gold dragon scales (worn)
Jewellery
 j - the ring "Siyrev" (left hand) {Ice rElec Will+ Str+3 Int+3}
   (You bought it in a shop in the Dungeon)

   [ring of ice]

   It enhances your ice magic.
   Str:       It affects your strength (+3).
   Int:       It affects your intelligence (+3).
   rF:        It makes you vulnerable to fire.
   rC:        It protects you from cold.
   rElec:     It insulates you from electricity.
   Will:      It increases your willpower.
 B - the ring "Hoff" (right hand) {rN++ MP-9 Str+3 Int+6 Stlth+}
   (You acquired it in the Dungeon)

   [ring of intelligence]

   Str:       It affects your strength (+3).
   Int:       It affects your intelligence (+6).
   rN:        It greatly protects you from negative energy.
   MP:        It affects your magic capacity (-9).
   Stlth:     It makes you more stealthy.
 F - the amulet of Music (around neck) {Reflect MP+9 Dex+2 SH+5 SInv Stlth+}
   (You acquired it in the Dungeon)

   [amulet of reflection]

   It reflects blocked missile attacks.
   Dex:       It affects your dexterity (+2).
   MP:        It affects your magic capacity (+9).
   SInv:      It lets you see invisible.
   SH:        It affects your SH (+5).
   Stlth:     It makes you more stealthy.
Scrolls
 h - 2 scrolls of blinking
 s - 2 scrolls of enchant weapon
 t - a scroll of brand weapon
 y - a scroll of holy word
 z - a scroll of identify
 G - a scroll of enchant armour
Potions
 c - 2 potions of curing
 e - 7 potions of haste
 g - a potion of resistance
 i - a potion of invisibility
 p - 8 potions of heal wounds
 r - 29 potions of mutation
 H - a potion of cancellation
Miscellaneous
 l - a piece from Xom's chessboard (15/15)
 q - a piece from Xom's chessboard (15/15)
 u - a piece from Xom's chessboard (15/15)


   Skills:
 - Level 23.6 Fighting
 * Level 19.6 Long Blades
 * Level 18.1 Armour
 * Level 20.2 Dodging
 * Level 22.5 Shields


You had 14 spell levels left.
You didn't know any spells.
Your spell library was empty.

Dungeon Overview and Level Annotations

Branches:
Dungeon (1/1)

Altars:
Cheibriados
Dithmenos
Elyvilon
Fedhas
Gozag
Hepliaklqana
Kikubaaqudgha
Makhleb
Nemelex Xobeh
Okawaru
Qazlal
Ru
Sif Muna
Trog
Uskayaw
Vehumet
Wu Jian
Xom
Yredelemnul
Zin
The Shining One
Beogh
Jiyva
Lugonu

Shops:
D ===(::*!??![**!(::!?[:[![!!=[=:!(:*[

Annotations:
D exclusion: orange crystal statue


Innate Abilities, Weirdness & Mutations

You are immune to sickness and miasma.
Your stone body is resilient. (AC +11)
You are immune to poison.
Your large and strong wings let you fly.
You resist negative energy. (rN+)
You are resistant to electric shocks. (rElec)
You are resistant to unholy torment.
You are immune to petrification.
You are somewhat resistant to further mutation.


Message History

You kill the red devil!
Trog accepts your kill.
Harudiy blinks!
Your stone giant rages.
Harudiy gestures at you.
The crystal spear hits your stone giant!!!
Your stone giant hits Harudiy.
Harudiy blinks!
Your stone giant rages.
Harudiy barely misses your stone giant.
Your stone giant hits Harudiy!
Harudiy hits your stone giant!!!
Your stone giant dies!
Your stone giant's corpse disappears in a puff of smoke!
Throw: 43 darts (poison)
Press: ? - help, Q - select action, (/) - cycle Shift-Dir - straight line, f - Harudiy
Aim: Harudiy (moderately wounded, 62% to hit)
You throw a poisoned dart. The poisoned dart hits Harudiy.
Harudiy is moderately wounded.
Harudiy hits you!!
A red film seems to cover your vision as you go berserk!
You feel yourself moving faster!
You feel mighty!
You feel a little less mighty now.
You start to feel less resistant.
Harudiy closely misses you.
You riposte.
You chop Harudiy into pieces!!!
Mutagenic energy flows through the plutonium sword!
Harudiy's body twists and writhes.
Harudiy twists and deforms.
Harudiy is heavily wounded.
You slash Harudiy!
Mutagenic energy flows through the plutonium sword!
Harudiy's body glows momentarily.
Harudiy twists and deforms.
Harudiy is severely wounded.
Harudiy blinks!
Harudiy gestures at you.
The blast of poison engulfs you but does no damage.
You resist.
You feel a strong urge to attack something.
Harudiy gestures at you.
The blast of poison engulfs you but does no damage.
You resist.
There is a staircase leading out of the dungeon here.
Harudiy blinks!
You have escaped!

##########≈≈#''§#§'§#####....#.##
#########≈≈≈≈≈≈§≈≈§.≈#..[^...#..#
........#≈≈≈≈.##'##.≈#.)####.#..#
...⌠[!..#≈≈≈≈##≈#.##≈####).'^##.#
..∩.∩...#≈≈≈≈#..#..#....#..#.^.##
.∩.∩.∩..#≈≈####§#.##.#..#####..##
∩.∩.∩.∩[#≈##.###○##☼..#..#..'..#.
.∩...∩.)#)#.#(##☼#°......#..#..#.
∩.....∩='≈'###'○@.○##.'[.####..##
.......∩#≈#.#[##○##☼..#....###...
▓▓▓▓▓▓###≈##.##○'###..#......≈≈≈≈
(..######≈≈###..#)###.≈≈.....≈#'#
(..#.(÷.##≈≈≈#..##.#≈§≈≈≈≈≈..≈#..
∩.![..#)##'#≈##..###≈≈≈≈≈≈≈§§≈#._
)..#(##≈##.#≈≈##'##≈§§§≈§≈≈≈≈≈#_.
...###≈°°####≈≈≈≈°≈§≈≈≈≈§§§§§§#._
#'###≈≈°§§#,#°°°#'''#≈≈≈≈§§§≈§#..


There were no monsters in sight!

Vanquished Creatures
  Gloorx Vloq (D)
  A royal mummy (D)
  the Lernaean hydra (D)
  A curse toe (D)
  2 golden dragons (D)
  An electric golem (D)
  An Ice Fiend (D)
  A tentacled monstrosity (D)
  A deep elf blademaster (D)
  A deep elf master archer (D)
  A kraken (D)
  Gastronok (D)
  2 sphinxes (D)
  A storm dragon (D)
  A frost giant (D)
  A draconian knight (D)
  Nessos (D)
  A vampire knight (D)
  A lorocyproca (D)
  A dire elephant (D)
  A fire dragon (D)
  2 boulder beetles (D)
  A death yak (D)
  2 hell hogs (D)
  An iron elemental (D)
  An iron golem (D)
  3 sixfirhies (D)
  A skeletal warrior (D)
  2 death drakes (D)
  A glowing orange brain (D)
  A deep troll (D)
  An obsidian statue (D)
  An oklob plant (D)
  15 shining eyes (D)
  3 manticores (D)
  3 toenail golems (D)
  An ice statue (D)
  An eye of devastation (D)
  A yaktaur (D)
  2 unseen horrors (D)
  A red devil (D)
  4 polar bears (D)
  17 flying skulls (D)
  3 yaks (D)
  A redback (D)
  6 wyverns (D)
  10 floating eyes (D)
  7 water moccasins (D)
  2 swamp drakes (D)
  3 black bears (D)
  A necrophage (D)
  2 earth elementals (D)
  2 scorpions (D)
  9 electric eels (D)
  A jelly (D)
  4 orc priests (D)
  An iron imp (D)
  A hell rat (D)
  3 worms (D)
  A tentacle (D)
145 creatures vanquished.

Vanquished Creatures (collateral kills)
  A bone dragon (D)
  A hellephant (D)
  3 quicksilver dragons (D)
  Kirke (D)
  Murray (D)
  A cacodemon (D)
  A draconian shifter (D)
  2 lorocyprocas (D)
  A crystal guardian (D)
  A deep elf high priest (D)
  A great orb of eyes (D)
  A yaktaur captain (D)
  A centaur warrior (D)
  Sonja (D)
  A deep troll (D)
  A harpy (D)
  An elephant (D)
  2 cane toads (D)
  A kobold demonologist (D)
  A polar bear (D)
  A hornet (D)
  A flying skull (D)
  A redback (D)
  A wyvern (D)
  A ballistomycete spore (D)
  3 tentacles (D)
32 creatures vanquished.

Vanquished Creatures (others)
  A storm dragon (D)
  3 orc sorcerers (D)
  Menkaure (D)
  A water moccasin (D)
  2 scorpions (D)
  A spectral ball python (D)
  A spectral jackal (D)
  A ballistomycete spore (D)
  8 tentacles (D)
19 creatures vanquished.

Grand Total: 196 creatures vanquished

Notes
Turn   | Place    | Note
-------+----------+-------------------------------------------
     0 | D        | xpp the Gargoyle Berserker began the quest for the Orb.
     0 | D        | Reached XP level 1. HP: 14/14 MP: 1/1
     1 | D        | Noticed a boulder beetle
     1 | D        | Noticed a boulder beetle
     4 | D        | Noticed a scorpion
     4 | D        | Noticed a scorpion
     4 | D        | Noticed a scorpion
     4 | D        | Noticed a scorpion
    20 | D        | Reached skill level 4 in Fighting
    20 | D        | Reached XP level 2. HP: 17/20 MP: 2/2
    21 | D        | Reached ** piety under Trog
    36 | D        | Killed a water moccasin
    58 | D        | Killed a scorpion
    62 | D        | Killed Menkaure
   147 | D        | Killed a scorpion
   171 | D        | Killed a scorpion
   172 | D        | Reached skill level 6 in Fighting
   172 | D        | Reached skill level 5 in Long Blades
   172 | D        | Reached XP level 3. HP: 27/27 MP: 3/3
   172 | D        | Reached XP level 4. HP: 32/32 MP: 4/4
   174 | D        | Killed a scorpion
   175 | D        | Reached skill level 7 in Fighting
   175 | D        | Reached XP level 5. HP: 38/38 MP: 5/5
   283 | D        | Noticed a water moccasin
   292 | D        | Killed a water moccasin
   293 | D        | Reached skill level 8 in Fighting
   293 | D        | Reached XP level 6. HP: 45/45 MP: 6/6
   376 | D        | Noticed a wyvern
   376 | D        | Noticed a wyvern
   382 | D        | Killed a wyvern
   382 | D        | Reached *** piety under Trog
   383 | D        | Reached skill level 9 in Fighting
   390 | D        | Killed a wyvern
   391 | D        | Reached skill level 10 in Fighting
   391 | D        | Reached skill level 10 in Long Blades
   391 | D        | Reached skill level 5 in Dodging
   391 | D        | Reached XP level 7. HP: 13/52 MP: 7/7
   645 | D        | Found Besoyv's Jewellery Shop.
   646 | D        | Found Hoxyrem's Distillery.
   646 | D        | Found Tojo's Jewellery Shop.
   646 | D        | Found Icustip's Antique Armour Boutique.
   646 | D        | Found Velas's Distillery.
   646 | D        | Found Tuoj's Book Shop.
   646 | D        | Found Jucirphou's Book Shop.
   647 | D        | Found Rytuh's General Store.
   647 | D        | Found Plog's Assorted Antiques.
   647 | D        | Noticed a yak
   648 | D        | Found Kilehias's Antique Armour Boutique.
   648 | D        | Noticed a yak
   878 | D        | Noticed a shining eye
   881 | D        | Found Givim's Magic Scroll Shop.
   881 | D        | Found Zaf Doid's Distillery.
   881 | D        | Noticed an oklob plant
   881 | D        | Noticed a shining eye
   882 | D        | Found Sankumilu's Antique Weapon Shop.
   882 | D        | Found Worphe Zia's Jewellery Boutique.
   882 | D        | Found Toyxum's Book Shoppe.
   883 | D        | Noticed a yak
   883 | D        | Noticed a shining eye
   886 | D        | Noticed an iron elemental
   905 | D        | Bought a scroll of identify for 28 gold pieces
   917 | D        | Bought a sparkling tin ring for 150 gold pieces
   917 | D        | Identified the ring "Siyrev" {Ice rElec Will+ Str+3 Int+3}
                  | (You bought it in a shop in the Dungeon)
   923 | D        | Bought a glowing leather armour for 120 gold pieces
   935 | D        | Bought a helmet for 94 gold pieces
   935 | D        | Bought a pair of gloves for 94 gold pieces
   971 | D        | Found a hazy altar of Hepliaklqana.
   971 | D        | Found a snail-covered altar of Cheibriados.
   972 | D        | Found a stormy altar of Qazlal.
   972 | D        | Found a viscous altar of Jiyva.
   972 | D        | Found a shadowy altar of Dithmenos.
   973 | D        | Found a sacrificial altar of Ru.
   973 | D        | Found an ancient bone altar of Kikubaaqudgha.
   973 | D        | Found a white marble altar of Elyvilon.
   974 | D        | Found an ornate altar of the Wu Jian Council.
   974 | D        | Found a shimmering blue altar of Sif Muna.
   974 | D        | Found a corrupted altar of Lugonu.
   975 | D        | Found a shimmering altar of Xom.
   975 | D        | Found a bloodstained altar of Trog.
   975 | D        | Found a burning altar of Makhleb.
   976 | D        | Found a glowing golden altar of the Shining One.
   976 | D        | Found a basalt altar of Yredelemnul.
   976 | D        | Found a hide-covered altar of Uskayaw.
   979 | D        | Noticed a wyvern
   981 | D        | Noticed a wyvern
   990 | D        | Killed a wyvern
   993 | D        | Killed a wyvern
   993 | D        | Reached **** piety under Trog
   994 | D        | Reached skill level 11 in Fighting
   994 | D        | Reached XP level 8. HP: 51/60 MP: 8/8
  1200 | D        | Found a blossoming altar of Fedhas.
  1238 | D        | Found a glowing silver altar of Zin.
  1238 | D        | Found a radiant altar of Vehumet.
  1238 | D        | Noticed a polar bear
  1238 | D        | Noticed a polar bear
  1239 | D        | Found a sparkling altar of Nemelex Xobeh.
  1239 | D        | Noticed a yaktaur
  1239 | D        | Noticed a polar bear
  1241 | D        | Found an opulent altar of Gozag.
  1241 | D        | Found an iron altar of Okawaru.
  1241 | D        | Noticed a hornet
  1243 | D        | Killed a polar bear
  1253 | D        | Killed a polar bear
  1255 | D        | Killed a polar bear
  1256 | D        | Killed a hornet
  1268 | D        | Killed a yaktaur
  1269 | D        | Reached skill level 12 in Fighting
  1293 | D        | Noticed a kraken
  1306 | D        | Reached XP level 9. HP: 65/65 MP: 9/9
  1341 | D        | Reached ***** piety under Trog
  1408 | D        | Killed a kraken
  1409 | D        | Reached skill level 13 in Fighting
  1719 | D        | Noticed a deep troll
  1720 | D        | Noticed a deep troll
  1726 | D        | Killed a deep troll
  1732 | D        | Killed a deep troll
  1733 | D        | Reached skill level 5 in Armour
  1733 | D        | Reached XP level 10. HP: 44/73 MP: 10/10
  1828 | D        | Noticed an orange crystal statue
  1917 | D        | Reached skill level 10 in Dodging
  1970 | D        | Received a gift from Trog
  2002 | D        | Reached skill level 14 in Fighting
  2062 | D        | Noticed an obsidian statue
  2087 | D        | Found Daug's Distillery.
  2112 | D        | Noticed an elephant
  2112 | D        | Noticed a centaur warrior
  2112 | D        | Noticed Kirke
  2112 | D        | Noticed a skeletal warrior
  2112 | D        | Noticed a yaktaur captain
  2112 | D        | Noticed a kobold demonologist
  2119 | D        | Killed Kirke
  2123 | D        | Killed a yaktaur captain
  2124 | D        | Reached XP level 11. HP: 53/80 MP: 11/11
  2145 | D        | Killed a centaur warrior
  2182 | D        | Killed a skeletal warrior
  2183 | D        | Reached skill level 15 in Fighting
  2244 | D        | Identified the +2 triple sword of Okhuemp {antimagic, rF+++
                  | Will+ Dex-2 Stlth+} (Trog gifted it to you in the Dungeon)
  2244 | D        | Received a gift from Trog
  2386 | D        | Identified the +5 great sword of Trog's Regard {vorpal,
                  | rCorr Stlth+} (Trog gifted it to you in the Dungeon)
  2386 | D        | Received a gift from Trog
  2496 | D        | Noticed a death drake
  2520 | D        | Killed a death drake
  2520 | D        | Reached ****** piety under Trog
  2595 | D        | Noticed a death drake
  2603 | D        | Noticed a crystal guardian
  2612 | D        | Killed a death drake
  2629 | D        | Killed a crystal guardian
  2659 | D        | Noticed a deep elf master archer
  2703 | D        | Noticed a sphinx
  2703 | D        | Noticed a sphinx
  2708 | D        | Killed a sphinx
  2708 | D        | Received a gift from Trog
  2709 | D        | Reached skill level 15 in Long Blades
  2712 | D        | Killed a sphinx
  2713 | D        | Reached skill level 16 in Fighting
  2713 | D        | Reached XP level 12. HP: 88/88 MP: 12/12
  2798 | D        | Noticed Sonja
  2798 | D        | Noticed a hellephant
  2798 | D        | Noticed a purple draconian shifter
  2810 | D        | Killed a hellephant
  2811 | D        | Reached skill level 15 in Dodging
  3082 | D        | Identified the +1 flail of the Eternal Warrior {vorpal,
                  | rElec Str+3}
  3105 | D        | Bought a potion of heal wounds for 70 gold pieces
  3137 | D        | Noticed a golden dragon
  3137 | D        | Noticed a cacodemon
  3138 | D        | Noticed a bone dragon
  3173 | D        | Killed a bone dragon
  3178 | D        | Noticed a deep elf high priest
  3180 | D        | Killed a deep elf high priest
  3181 | D        | Reached skill level 17 in Fighting
  3188 | D        | Killed a cacodemon
  3202 | D        | Noticed a storm dragon
  3219 | D        | Killed a storm dragon
  3267 | D        | Killed a boulder beetle
  3269 | D        | Noticed a frost giant
  3286 | D        | Killed a frost giant
  3349 | D        | Killed a golden dragon
  3350 | D        | Reached skill level 18 in Fighting
  3350 | D        | Reached XP level 13. HP: 63/97 MP: 13/13
  3403 | D        | Bought a scroll of enchant armour for 105 gold pieces
  3403 | D        | Bought a scroll of blinking for 105 gold pieces
  3618 | D        | Noticed a black draconian knight
  3631 | D        | Noticed the 27-headed Lernaean hydra
  3707 | D        | Identified the +8 great sword of Discord {vorpal, rElec rC+
                  | Dex+4} (Trog gifted it to you in the Dungeon)
  3707 | D        | Received a gift from Trog
  4052 | D        | Found Qyrroudgh's Jewellery Emporium.
  4052 | D        | Found Hesad's Jewellery Shop.
  4053 | D        | Found Viuhocw's Book Shop.
  4053 | D        | Found Xeiwkun's Distillery.
  4053 | D        | Found Jetean's Weapon Boutique.
  4053 | D        | Found Ugotick's Magic Scroll Emporium.
  4053 | D        | Found Ymnoink's Distillery.
  4053 | D        | Found Hinlis's Assorted Antiques.
  4053 | D        | Found Ganui's Armour Boutique.
  4053 | D        | Found Siurun's Book Emporium.
  4053 | D        | Found Pitucror's Armour Shop.
  4053 | D        | Found Ekkisot's Antique Armour Shoppe.
  4058 | D        | Bought a +2 pair of gloves of stealth for 258 gold pieces
  4081 | D        | Bought the +3 kite shield of Isipn {Fly rF++} for 461 gold
                  | pieces
  4096 | D        | Bought a potion of heal wounds for 60 gold pieces
  4096 | D        | Bought a potion of haste for 120 gold pieces
  4099 | D        | Bought a potion of heal wounds for 60 gold pieces
  4100 | D        | Bought a scroll of enchant armour for 90 gold pieces
  4100 | D        | Bought a scroll of identify for 24 gold pieces
  4105 | D        | Bought an amulet of regeneration for 330 gold pieces
  4134 | D        | Found Jabosafa's Armour Boutique.
  4134 | D        | Found Goowol's Assorted Antiques.
  4134 | D        | Found Hebuos's Antique Weapon Emporium.
  4134 | D        | Found Oxtyotuz's Book Boutique.
  4134 | D        | Noticed a golden dragon
  4144 | D        | Killed a golden dragon
  4144 | D        | Received a gift from Trog
  4176 | D        | Noticed a storm dragon
  4189 | D        | Killed a storm dragon
  4190 | D        | Reached skill level 19 in Fighting
  4372 | D        | Bought a scroll of identify for 24 gold pieces
  4372 | D        | Identified 3 scrolls of acquirement
  4379 | D        | Acquired the +11 plutonium sword {Contam Stlth-}
  4380 | D        | Found the +11 plutonium sword {Contam Stlth-}
  4383 | D        | Acquired a manual of Fighting
  4387 | D        | Acquired the ring "Hoff" {rN++ MP-9 Str+3 Int+6 Stlth+}
  4474 | D        | Killed a purple draconian shifter
  4476 | D        | Killed Sonja
  4477 | D        | Reached skill level 5 in Shields
  4497 | D        | Noticed a deep elf blademaster
  4499 | D        | Identified the +7 falchion of Instinct {vorpal, +Blink
                  | Will- Str+3 Stlth+} (Trog gifted it to you in the Dungeon)
  4499 | D        | Received a gift from Trog
  4515 | D        | Killed a deep elf blademaster
  4712 | D        | Reached skill level 20 in Fighting
  4874 | D        | Received a gift from Trog
  4928 | D        | Killed a deep elf master archer
  4929 | D        | Gained mutation: Your large and strong wings let you fly.
                  | [Gargoyle growth]
  4929 | D        | Reached XP level 14. HP: 108/108 MP: 5/14
  4974 | D        | Received a gift from Trog
  5028 | D        | Identified the ring "Beajuublag" {Wiz Will+ Dex+6}
  5097 | D        | Bought a scroll of identify for 28 gold pieces
  5097 | D        | Bought a scroll of identify for 28 gold pieces
  5097 | D        | Bought a scroll of identify for 28 gold pieces
  5106 | D        | Acquired 838 gold pieces
  5112 | D        | Acquired a manual of Armour
  5114 | D        | Acquired 1038 gold pieces
  5185 | D        | Bought a shiny helmet for 157 gold pieces
  5423 | D        | Noticed a dire elephant
  5450 | D        | Killed a dire elephant
  5450 | D        | Received a gift from Trog
  5451 | D        | Reached skill level 21 in Fighting
  5451 | D        | Reached skill level 10 in Shields
  5497 | D        | Identified the +7 arbalest "Obroptir" {elec, *Corrode rPois
                  | Int+3 Stlth+}
  5501 | D        | Identified the +8 mace "Tofraj" {vorpal, rN+ Dex+3}
  5510 | D        | Identified the +7 hand axe of Emme {elec, rPois Int+3}
  5564 | D        | Acquired the ring of Virtue {Contam rC+ Will++ Str+9 Int-5}
  5566 | D        | Acquired 635 gold pieces
  5568 | D        | Acquired the +4 demon blade "Gugousoq" {speed, rN++ Will+
                  | Dex-3}
  5572 | D        | Acquired the amulet of Music {Reflect MP+9 Dex+2 SH+5 SInv
                  | Stlth+}
  5649 | D        | Acquired a manual of Armour
  5654 | D        | Noticed Gastronok
  5667 | D        | Killed Gastronok
  5728 | D        | Reached skill level 10 in Armour
  5743 | D        | Found Tef Nytevo's Book Shoppe.
  5754 | D        | Bought a potion of heal wounds for 55 gold pieces
  5754 | D        | Bought a potion of heal wounds for 55 gold pieces
  5754 | D        | Bought a potion of heal wounds for 55 gold pieces
  5769 | D        | Found Puruepno's Distillery.
  5770 | D        | Found Tyrir's Distillery.
  5773 | D        | Noticed Nessos
  5782 | D        | Killed Nessos
  5819 | D        | Identified the +11 dagger "Kirabrub" {freeze, *Noise *Slow
                  | Str+8 SInv}
  5932 | D        | Identified the +0 plate armour of Yduosoer {rF++}
  6012 | D        | Noticed an electric golem
  6026 | D        | Killed an electric golem
  6026 | D        | Received a gift from Trog
  6112 | D        | Identified the +7 fustibalus of False Accusations {freeze,
                  | Dex+3}
  6139 | D        | Gained mutation: You have a pair of small antennae on your
                  | head. [potion of mutation]
  6139 | D        | Gained mutation: Your flesh is heat resistant. (rF+)
                  | [potion of mutation]
  6139 | D        | Gained mutation: You are dopey. (Int -2) [potion of
                  | mutation]
  6141 | D        | Lost mutation: You are dopey. (Int -2) [potion of mutation]
  6141 | D        | Lost mutation: You have a pair of small antennae on your
                  | head. [potion of mutation]
  6141 | D        | Gained mutation: Your body sometimes deteriorates upon
                  | taking damage. [potion of mutation]
  6173 | D        | Bought a potion of mutation for 88 gold pieces
  6173 | D        | Lost mutation: Your flesh is heat resistant. (rF+) [potion
                  | of mutation]
  6173 | D        | Gained mutation: You are clumsy. (Dex -2) [potion of
                  | mutation]
  6173 | D        | Lost mutation: You are clumsy. (Dex -2) [potion of
                  | mutation]
  6178 | D        | Bought a potion of mutation for 112 gold pieces
  6178 | D        | Lost mutation: Your body sometimes deteriorates upon taking
                  | damage. [potion of mutation]
  6178 | D        | Gained mutation: You are somewhat resistant to further
                  | mutation. [potion of mutation]
  6321 | D        | Received a gift from Trog
  6367 | D        | Paralysed by a floating eye for 4 turns
  6376 | D        | Paralysed by a floating eye for 4 turns
  6413 | D        | Gained mutation: You occasionally shout uncontrollably at
                  | your foes. [a shining eye]
  6465 | D        | Paralysed by a floating eye for 2 turns
  6495 | D        | Paralysed by a floating eye for 4 turns
  6527 | D        | Received a gift from Trog
  6592 | D        | Gained mutation: You sometimes lose the ability to read
                  | scrolls when taking damage. [a shining eye]
  6607 | D        | Paralysed by a floating eye for 4 turns
  6613 | D        | Paralysed by a floating eye for 4 turns
  6629 | D        | Paralysed by a floating eye for 2 turns
  6635 | D        | Paralysed by a floating eye for 4 turns
  6658 | D        | Identified the +1 scale mail "Jitythuc" {rElec rC+}
  6671 | D        | Paralysed by a floating eye for 2 turns
  6679 | D        | Paralysed by a floating eye for 3 turns
  6687 | D        | Paralysed by a floating eye for 2 turns
  6699 | D        | Received a gift from Trog
  6702 | D        | Lost mutation: You occasionally shout uncontrollably at
                  | your foes. [potion of mutation]
  6702 | D        | Lost mutation: You sometimes lose the ability to read
                  | scrolls when taking damage. [potion of mutation]
  6708 | D        | Reached skill level 22 in Fighting
  6771 | D        | Noticed a quicksilver dragon
  6773 | D        | Noticed a lorocyproca
  6796 | D        | Noticed a quicksilver dragon
  6801 | D        | Noticed a lorocyproca
  6809 | D        | Killed a quicksilver dragon
  6810 | D        | Reached skill level 15 in Shields
  6812 | D        | Killed a lorocyproca
  6815 | D        | Killed a lorocyproca
  6838 | D        | Killed a quicksilver dragon
  6838 | D        | Received a gift from Trog
  6891 | D        | Noticed a lorocyproca
  6891 | D        | Noticed a quicksilver dragon
  6900 | D        | Killed a quicksilver dragon
  6912 | D        | Killed a lorocyproca
  6939 | D        | Noticed Murray
  6951 | D        | Killed Murray
  6952 | D        | Reached XP level 15. HP: 118/118 MP: 15/15
  7164 | D        | Received a gift from Trog
  7225 | D        | Killed a black draconian knight
  7411 | D        | Killed the 22-headed Lernaean hydra
  7412 | D        | Reached skill level 23 in Fighting
  7458 | D        | Found Wogetuil's Magic Scroll Shoppe.
  7475 | D        | Acquired a manual of Shields
  7477 | D        | Acquired 1005 gold pieces
  7483 | D        | Received a gift from Trog
  7484 | D        | Reached skill level 15 in Armour
  7525 | D        | Bought a scroll of enchant armour for 75 gold pieces
  7596 | D        | Bought a potion of resistance for 120 gold pieces
  7596 | D        | Bought a potion of heal wounds for 60 gold pieces
  7596 | D        | Bought a potion of heal wounds for 60 gold pieces
  7633 | D        | Bought a potion of invisibility for 96 gold pieces
  7633 | D        | Bought a potion of might for 48 gold pieces
  7706 | D        | Upgraded the game from 0.28-a0-105-g49a0850c41 to
                  | 0.28-a0-114-g2bf3c13a2f
  7835 | D        | Noticed a royal mummy
  7835 | D        | Noticed Gloorx Vloq
  7836 | D        | Noticed an emperor scorpion
  7836 | D        | Noticed an Executioner
  7836 | D        | Noticed an Executioner
  7837 | D        | Noticed an Executioner
  7837 | D        | Noticed an Executioner
  7837 | D        | Noticed an Executioner
  7837 | D        | Noticed an Executioner
  7837 | D        | Noticed a curse toe
  7860 | D        | Noticed an Executioner
  7860 | D        | Noticed an Executioner
  7867 | D        | Noticed an Executioner
  7867 | D        | Noticed an Executioner
  7886 | D        | Noticed an Executioner
  7910 | D        | Noticed an Executioner
  7915 | D        | Killed Gloorx Vloq
  8228 | D        | Bought a potion of haste for 120 gold pieces
  8230 | D        | Bought a scroll of holy word for 90 gold pieces
  8289 | D        | Bought a potion of cancellation for 96 gold pieces
  8364 | D        | Noticed an emperor scorpion
  8369 | D        | Killed a royal mummy
  8558 | D        | Killed a curse toe
  8558 | D        | Received a gift from Trog
  8644 | D        | Got the Orb of Zot
  8693 | D        | Noticed an Ice Fiend
  8693 | D        | Noticed a tentacled monstrosity
  8694 | D        | Noticed Harudiy the pandemonium lord
  8696 | D        | Killed an Ice Fiend
  8704 | D        | Killed a tentacled monstrosity
  8722 | D        | Escaped with the Orb!

Illustrated notes

Levels and vault maps discovered:
D:        the_violet_keep_of_menkaure [sprint2_stairs_cluster_1,
          sprint2_shoproom, sprint2_temple, sprint2_basic_supplies,
          sprint2_obstacle_1, sprint2_obstacle_4, sprint2_obstacle_7,
          sprint2_obstacle_3, sprint2_obstacle_2, sprint2_timed_cluster_1,
          sprint2_smallroom_cluster_1, sprint2_smallroom_final_cluster_1,
          sprint2_transparent_cluster_1, sprint2_second_timed_cluster_1,
          sprint2_sniper_area_1, sprint2_heavy_combat_area_1,
          sprint2_mutation_trap_area_1, sprint2_forest_area_1,
          sprint2_light_combat_area_1, sprint2_behind_water_1,
          sprint2_near_end_vault_1]

Skill      XL: |  1  2  3  4  5  6  7  8  9 10 11 12 13 14 15 |
---------------+----------------------------------------------+-----
Long Blades    | 3 5 6 8 10 11 12 13 14 15 17 18 19 | 19.6
Fighting       | 4 6 7 8 10 11 12 13 14 16 18 20 22 23 | 23.6
Dodging        | 2 3 5 6 7 9 12 14 16 17 19 20 | 20.2
Armour         | 5 7 8 13 18 | 18.1
Shields        | 8 16 22 | 22.5

Action                   |  1- 3 |  4- 6 |  7- 9 | 10-12 | 13-15 || total
-------------------------+-------+-------+-------+-------+-------++-------
Melee: Falchion          |    12 |    18 |    96 |    84 |   161 ||   371
       Scimitar          |       |       |       |   115 |    26 ||   141
       Great sword       |       |       |       |       |    56 ||    56
       Long sword        |       |       |       |       |    34 ||    34
       Demon blade       |       |       |       |       |   239 ||   239
       Triple sword      |       |       |       |       |    27 ||    27
Throw: Dart              |       |       |       |       |    13 ||    13
Invok: Berserk           |     2 |     2 |     6 |     9 |    17 ||    36
       Brothers in Arms  |       |       |     3 |     7 |    11 ||    21
       Trog's Hand       |       |       |     2 |     5 |     4 ||    11
  Use: Scroll            |       |       |     6 |     2 |    27 ||    35
       Potion            |       |       |     1 |     5 |    16 ||    22
 Stab: Distracted        |       |       |       |     1 |     2 ||     3
       Sleeping          |       |       |       |       |     3 ||     3
Armor: Animal skin       |       |     1 |       |       |       ||     1
       Leather armour    |       |       |    35 |       |       ||    35
       Troll leather arm |       |       |       |    56 |   102 ||   158
       Gold dragon scale |       |       |       |       |    87 ||    87
Dodge: Dodged            |     2 |     5 |    76 |   103 |   191 ||   377
Block: Kite shield       |       |       |       |       |   232 ||   232
       Reflection        |       |       |       |       |     4 ||     4
       Other             |       |       |       |       |     5 ||     5
       Rpst.: Falchion   |     1 |     3 |    16 |    18 |    10 ||    48
       Scimitar          |       |       |       |    12 |     2 ||    14
       Great sword       |       |       |       |       |     6 ||     6
       Long sword        |       |       |       |       |     3 ||     3
       Triple sword      |       |       |       |       |     4 ||     4
       Demon blade       |       |       |       |       |     2 ||     2

Table legend: (Time is in decaauts)
 A = Elapsed time spent in this place.
 B = Non-inter-level travel time spent in this place.
 C = Inter-level travel time spent in this place.
 D = Time resting spent in this place.
 E = Time spent auto-exploring this place.
 F = Levels seen in this place.
 G = Mean time per level.
                   A        B        C        D        E       F      G
               +--------+--------+--------+--------+--------+-----+--------+
         Total |   8962 |   8948 |     14 |   2938 |      0 |   1 | 8962.0 |
       Dungeon |   8962 |   8948 |     14 |   2938 |      0 |   1 | 8962.0 |
               +--------+--------+--------+--------+--------+-----+--------+

Top non-repeatable levels by time:
       D: 8962 daAuts
